[Event "ROU-ch Men 2018"]
[Site "Olanesti"]
[Date "2018.05.14"]
[Round "1"]
[White "Manea, Alexandru"]
[Black "Farcadi, Hunor"]
[Result "1-0"]
[ECO "B23"]
[WhiteElo "2402"]
[BlackElo "1959"]
[Annotator "ChessBase"]
[PlyCount "73"]
[EventDate "2018.??.??"]
[EventType "swiss"]
[EventCountry "ROU"]
[SourceTitle "playchess.com"]
[Source "ChessBase"]
[SourceQuality "1"]
[TimeControl "40/5400+30:1800+30"]

1. e4 c5 2. Nc3 Nc6 3. Nge2 Nf6 4. f4 d6 5. g3 g6 6. Bg2 Bg7 7. h3 Bd7 8. d3 Rb8 9. g4 h6 10. Be3 b5 11. Qd2 e5 12. f5 Nd4 13. Ng3 Qa5 14. O-O g5 15. a3 Qc7 16. Nd5 Nxd5 17. exd5 f6 18. b4 Rc8 19. Ra2 Kf7 20. Ne4 Bf8 21. Rb1 c4 22. dxc4 Qxc4 23. c3 Nxf5 24. gxf5 Bxf5 25. Qc2 Bg6 26. Rf1 f5 27. a4 Kg7 28. Nd2 Qe2 29. Bxa7 bxa4 30. Qxa4 Be7 31. Ne4 Qc4 32. Nxd6 Bxd6 33. Qd7+ Bf7 34. Rxf5 Rhf8 35. Raf2 Rc7 36. Rxf7+ Rxf7 37. Rxf7+ 1-0

[Event "ROU-ch Men 2018"]
[Site "Olanesti"]
[Date "2018.05.14"]
[Round "1"]
[White "Stanciu, Alexandru-Ovidiu"]
[Black "Tufa, Mihai"]
[Result "1-0"]
[ECO "A20"]
[WhiteElo "2363"]
[BlackElo "1915"]
[Annotator "ChessBase"]
[PlyCount "47"]
[EventDate "2018.??.??"]
[EventType "swiss"]
[EventCountry "ROU"]
[SourceTitle "playchess.com"]
[Source "ChessBase"]
[SourceQuality "1"]
[TimeControl "40/5400+30:1800+30"]

1. c4 e5 2. g3 Nf6 3. Bg2 d5 4. cxd5 Nxd5 5. Nc3 c6 6. Nf3 f6 7. O-O Be6 8. d4 exd4 9. Nxd4 Bf7 10. e4 Nc7 11. Bf4 Ne6 12. Nxe6 Bxe6 13. Qe2 Be7 14. Rfd1 Qc8 15. Nd5 Bd8 16. Bd6 Kf7 17. Nf4 Be7 18. e5 f5 19. Bxe7 Kxe7 20. Rd6 Bf7 21. Rad1 Bxa2 22. Qh5 Bd5 23. Qg5+ Kf7 24. Nxd5 1-0

[Event "ROU-ch Men 2018"]
[Site "Olanesti"]
[Date "2018.05.14"]
[Round "1"]
[White "Vasiesiu, Victor"]
[Black "Muller, Wilhelm"]
[Result "1-0"]
[ECO "B00"]
[WhiteElo "2327"]
[BlackElo "1896"]
[Annotator "NA"]
[PlyCount "61"]
[EventDate "2018.??.??"]
[EventType "swiss"]
[EventCountry "ROU"]
[SourceTitle "playchess.com"]
[Source "ChessBase"]
[SourceQuality "1"]
[TimeControl "40/5400+30:1800+30"]

1. e4 d6 2. d4 Nd7 3. Nc3 g6 4. f4 Bg7 5. Nf3 e6 6. Bd3 {[%emt 0:00:44] B06: Modern Defence} Ne7 7. O-O (7. Be3 b6 8. O-O O-O 9. Qd2 c5 10. Nb5 d5 11. e5 Ba6 12. Nd6 Bxd3 13. cxd3 Nc8 14. Nb5 {0-1 (43) Zwirs,N (2395)-Ghasi,A (2455) chess.com INT 2017}) 7... O-O {LiveBook: 5 Games} 8. Ne2 d5 9. e5 c5 10. c3 Nf5 $146 ({Predecessor:} 10... Nc6 11. Be3 c4 {1-0 (25) Recky,N (1939)-Krivos Bellus,J (1886) Slovakia 2008}) 11. g4 Nh6 12. h3 Kh8 13. Ng3 cxd4 14. cxd4 Nb6 (14... Nb8 $16 {might work better.} 15. b3 Nc6) 15. b3 Bd7 16. Be3 Nc8 {[%emt 0:02:34] [#]} 17. Qd2 $1 Ne7 18. f5 $1 exf5 (18... Nhxf5 {was necessary.} 19. gxf5 exf5) 19. Bxh6 fxg4 20. hxg4 Bxg4 21. Bxg7+ Kxg7 22. Qg5 Bxf3 23. Qf6+ Kg8 24. Rxf3 Nc6 25. Qf4 Kh8 26. Kg2 Rc8 $2 (26... Rg8 27. Raf1 Rg7) 27. Rh1 Rc7 28. Bxg6 fxg6 29. Qxf8+ Qxf8 30. Rxf8+ Kg7 31. Rf4 1-0

[Event "ROU-ch Men 2018"]
[Site "Olanesti"]
[Date "2018.05.14"]
[Round "1"]
[White "Ileana, George"]
[Black "Dinca, Ovidiu"]
[Result "1/2-1/2"]
[ECO "C42"]
[WhiteElo "2325"]
[BlackElo "1863"]
[Annotator "ChessBase"]
[PlyCount "112"]
[EventDate "2018.??.??"]
[EventType "swiss"]
[EventCountry "ROU"]
[SourceTitle "playchess.com"]
[Source "ChessBase"]
[SourceQuality "1"]
[TimeControl "40/5400+30:1800+30"]

1. e4 e5 2. Nf3 Nf6 3. Nxe5 d6 4. Nf3 Nxe4 5. Nc3 Nxc3 6. dxc3 Be7 7. Be3 Nc6 8. Qd2 Be6 9. O-O-O Qd7 10. Kb1 a6 11. h3 Ne5 12. Ng5 Bxg5 13. Bxg5 f6 14. Be3 Nc4 15. Bxc4 Bxc4 16. g4 Qf7 17. a3 O-O-O 18. Rhg1 h6 19. h4 g5 20. hxg5 fxg5 21. b3 Bb5 22. c4 Bc6 23. Qd4 Rhe8 24. Qa7 Be4 25. Kb2 c5 26. Qb6 Qc7 27. Qxc7+ Kxc7 28. Rg3 Re6 29. b4 b6 30. Rh3 Rf8 31. Kc3 Rff6 32. Rg3 Rf3 33. Rdg1 Ref6 34. Kd2 Rxg3 35. Rxg3 Rf3 36. Rg1 Rf6 37. c3 Bf3 38. Rg3 Kd7 39. Kd3 Bc6 40. Ke2 Bb7 41. Bd2 Kc7 42. Rd3 Bc8 43. f3 Be6 44. Re3 Bxc4+ 45. Kf2 Be6 46. Kg3 d5 47. Re1 Kc6 48. bxc5 bxc5 49. Rb1 d4 50. cxd4 Bd5 51. f4 gxf4+ 52. Bxf4 cxd4 53. Rb2 Rg6 54. Rh2 Be6 55. Rxh6 Rxh6 56. Bxh6 Bxg4 1/2-1/2

[Event "ROU-ch Men 2018"]
[Site "Olanesti"]
[Date "2018.05.14"]
[Round "1"]
[White "Pop, Alexandru"]
[Black "Stan, Andrei-Mihaita"]
[Result "1-0"]
[ECO "A46"]
[WhiteElo "2302"]
[BlackElo "1860"]
[Annotator "ChessBase"]
[PlyCount "99"]
[EventDate "2018.??.??"]
[EventType "swiss"]
[EventCountry "ROU"]
[SourceTitle "playchess.com"]
[Source "ChessBase"]
[SourceQuality "1"]
[TimeControl "40/5400+30:1800+30"]

1. d4 Nf6 2. Nf3 e6 3. Bf4 c5 4. e3 b6 5. Nc3 cxd4 6. Nb5 d6 7. Qxd4 Nd5 8. O-O-O Nc6 9. Qa4 Bb7 10. Nbd4 Qd7 11. Bb5 Rc8 12. Bg3 a6 13. Bxa6 Bxa6 14. Qxa6 Ncb4 15. Qb5 Nxa2+ 16. Kd2 Nab4 17. c3 Nc6 18. Nxc6 Rxc6 19. Ra1 Rc8 20. Nd4 Be7 21. Ra7 Qxb5 22. Nxb5 e5 23. Ke2 Rd8 24. Rd1 Nf6 25. Rb7 h5 26. Bh4 Rd7 27. Rb8+ Rd8 28. Rxd8+ Kxd8 29. Bxf6 gxf6 30. Nxd6 Kc7 31. Nf5 Re8 32. Ra1 Kb7 33. Ra4 Bf8 34. Rh4 Ra8 35. Rxh5 Ra2 36. Rh7 Rxb2+ 37. Kf3 Kc6 38. Rxf7 Bc5 39. Rxf6+ Kd5 40. Ng3 Be7 41. Rh6 b5 42. Ne4 b4 43. cxb4 Rxb4 44. Nf6+ Bxf6 45. Rxf6 Rh4 46. e4+ Rxe4 47. Rd6+ Kxd6 48. Kxe4 Ke6 49. g4 Kf6 50. h4 1-0

[Event "ROU-ch Men 2018"]
[Site "Olanesti"]
[Date "2018.05.14"]
[Round "1"]
[White "Vasilescu, Lucian-Mihail"]
[Black "Toma, Mihail"]
[Result "1-0"]
[ECO "A16"]
[WhiteElo "2243"]
[BlackElo "1835"]
[Annotator "NA RC"]
[PlyCount "130"]
[EventDate "2018.??.??"]
[EventType "swiss"]
[EventCountry "ROU"]
[SourceTitle "playchess.com"]
[Source "ChessBase"]
[SourceQuality "1"]
[TimeControl "40/5400+30:1800+30"]

1. c4 Nf6 2. Nc3 d5 3. cxd5 Nxd5 4. d4 Nxc3 5. bxc3 g6 6. Nf3 Bg7 7. e3 O-O 8. Be2 c5 9. O-O Nc6 {[%emt 0:05:05] LiveBook: 12 Games} 10. Rb1 {[%emt 0:03:49] A34: Symmetrical English: 2 Nc3, lines with ...d5} (10. Ba3 cxd4 11. cxd4 Be6 12. Bb2 Bd5 13. a4 Rc8 14. Rc1 Qb6 15. Ba3 Rfd8 16. Rb1 Qc7 17. Bd3 f5 {0-1 (43) Zhang,Z (2619)-Vidit,S (2651) Berlin 2015}) 10... cxd4 11. cxd4 b6 12. Ba3 Bb7 13. d5 $146 ({Predecessor:} 13. Bb5 Na5 14. Qe2 a6 15. Bd3 b5 16. Rfc1 Re8 17. Rd1 {½-½ (58) Gratsianov,I (1906)-Kuzevanova,E (2124) St Petersburg 2005}) 13... Ne5 14. e4 Nxf3+ 15. Bxf3 Be5 16. Qa4 Bd6 17. Bb2 Qe8 18. Qd4 f6 19. Rfc1 Qd7 20. h3 h5 21. Qe3 Kg7 22. Rc2 Rac8 23. Rbc1 Rxc2 24. Rxc2 Bc5 25. Qd2 Bd6 26. Qg5 (26. Bxh5 $5 gxh5 27. Qg5+ Kf7 28. Qxh5+ Kg7 29. e5 Bxe5 30. Rc4 Bxb2 31. Rg4+ Qxg4 32. Qxg4+ Kh8 33. Qd7 $16) 26... Rh8 27. g4 Kf7 28. Qe3 Bc5 29. Qb3 Qd6 30. Re2 (30. e5 $11 {keeps the balance.} fxe5 31. Re2 (31. Rxc5 bxc5 32. Qe3 hxg4 $17)) 30... Qg3+ 31. Bg2 Qxb3 32. axb3 hxg4 33. hxg4 Bd6 34. Bf3 Rc8 35. Kg2 Ba6 36. Re1 Rc2 37. Bd4 Bc5 38. Bxc5 bxc5 39. Ra1 Be2 40. Rxa7 Bxf3+ 41. Kxf3 Rc3+ 42. Ke2 Ke8 43. Rb7 Rc2+ 44. Ke3 Rc3+ 45. Kd2 Rf3 46. Ke2 Rc3 47. g5 fxg5 48. e5 Kd8 49. Rb6 g4 $2 (49... Ke8 $1 $11 {and Black has nothing to worry.}) 50. Rxg6 Rxb3 $2 (50... c4 $16) 51. Rxg4 Rc3 $2 (51... Kd7 52. Ra4 Rb7) 52. Rg8+ Kd7 53. Rg7 Ke8 (53... Rc4 $142 54. f3 Ke8) 54. f4 Rc4 55. e6 Kf8 56. Rf7+ Ke8 57. Rh7 Kf8 58. Rh8+ Kg7 59. Re8 Rxf4 60. Rxe7+ Kg8 61. Ke3 Rd4 62. Rd7 Kf8 63. d6 Rd1 64. Rd8+ Kg7 65. e7 Re1+ {Ke4} 1-0

[Event "ROU-ch Men 2018"]
[Site "Olanesti"]
[Date "2018.05.14"]
[Round "1"]
[White "Craciun, Ovidiu"]
[Black "Dobre, Claudiu-Cristian"]
[Result "0-1"]
[ECO "B00"]
[WhiteElo "1931"]
[BlackElo "2393"]
[Annotator "ChessBase"]
[PlyCount "49"]
[EventDate "2018.??.??"]
[EventType "swiss"]
[EventCountry "ROU"]
[SourceTitle "playchess.com"]
[Source "ChessBase"]
[SourceQuality "1"]
[TimeControl "40/5400+30:1800+30"]

1. e4 Nc6 2. Nf3 d6 3. d4 Nf6 4. Nc3 Bg4 5. Be3 e6 6. Be2 d5 7. e5 Nd7 8. h3 Bh5 9. Ng5 Bxe2 10. Qxe2 Nxd4 11. Bxd4 Qxg5 12. O-O c6 13. f4 Qg6 14. Qf2 Be7 15. Kh2 h5 16. Bxa7 Qf5 17. Bd4 g5 18. fxg5 Qxf2 19. Rxf2 Bxg5 20. b4 Rg8 21. a4 f6 22. exf6 Kf7 23. Re2 e5 24. Bxe5 Nxe5 25. Rxe5 0-1

[Event "ROU-ch Men 2018"]
[Site "Olanesti"]
[Date "2018.05.14"]
[Round "1"]
[White "Rauca, Horatiu-Augustin"]
[Black "Stoleriu, George"]
[Result "0-1"]
[ECO "A00"]
[WhiteElo "1897"]
[BlackElo "2333"]
[Annotator "NA"]
[PlyCount "74"]
[EventDate "2018.??.??"]
[EventType "swiss"]
[EventCountry "ROU"]
[SourceTitle "playchess.com"]
[Source "ChessBase"]
[SourceQuality "1"]
[TimeControl "40/5400+30:1800+30"]

1. g3 e5 2. Bg2 Nc6 3. d3 g6 4. b3 {[%emt 0:00:37] A00: Irregular Openings} (4. e4 Bg7 5. Nc3 Nge7 6. f4 d6 7. Nf3 O-O 8. O-O f5 9. fxe5 dxe5 10. exf5 gxf5 11. Bd2 h6 12. a4 a5 13. Qe2 Be6 14. Nb5 Qd7 15. Bc3 Ng6 16. h4 {0-1 (37) Popovic,D (2528)-Ivic,V (2394) Ruma 2017}) 4... Bg7 5. Bb2 Nge7 6. e3 O-O 7. Ne2 d6 8. Nd2 Be6 {[%emt 0:01:18] LiveBook: 3 Games} 9. a3 Qd7 10. h3 Bd5 $146 ({Predecessor:} 10... a5 11. Nf3 h6 {½-½ (59) Blatny,P (2351)-Groetz,H (2335) Austria 2017}) 11. Bxd5 Nxd5 12. c4 Nde7 13. Qc2 a5 14. O-O-O Rfb8 15. d4 (15. h4 $11) 15... exd4 16. Nxd4 Nxd4 17. Bxd4 Bxd4 18. exd4 d5 19. g4 Qd6 20. Kb2 a4 21. b4 Qf4 22. Qd3 (22. Rhe1 $11 {keeps the balance.} Re8 23. Nb1) 22... dxc4 ({Don't play} 22... Qxf2 $6 23. Rhf1 $11) 23. Nxc4 Rd8 24. Qd2 Nd5 25. Qxf4 Nxf4 26. Rhe1 Re8 27. Re3 Rxe3 28. fxe3 Nxh3 29. b5 Nf2 30. Rg1 Re8 31. Rg2 Nd1+ 32. Kc1 Nc3 ({Much weaker is} 32... Nxe3 33. Re2 $11) 33. b6 cxb6 34. Kc2 (34. Rb2 {might work better.}) 34... Nd5 35. Kd2 b5 36. Nd6 Rxe3 37. Nxb5 Rb3 $19 0-1

[Event "ROU-ch Men 2018"]
[Site "Olanesti"]
[Date "2018.05.14"]
[Round "1"]
[White "Berechet, Stefan-Mario"]
[Black "Banzea, Alexandru-Bogdan"]
[Result "0-1"]
[ECO "A15"]
[WhiteElo "1879"]
[BlackElo "2325"]
[Annotator "NA"]
[PlyCount "90"]
[EventDate "2018.??.??"]
[EventType "swiss"]
[EventCountry "ROU"]
[SourceTitle "playchess.com"]
[Source "ChessBase"]
[SourceQuality "1"]
[TimeControl "40/5400+30:1800+30"]

1. c4 Nf6 2. Nf3 e6 3. g3 d5 4. Bg2 Be7 5. b3 {[%emt 0:00:07] A13: English Opening: 1...e6} (5. O-O O-O 6. b3 c5 7. cxd5 Nxd5 8. Nc3 Nc6 9. Bb2 Nxc3 10. dxc3 Qc7 11. Qc2 b6 12. Bc1 Bb7 13. Bf4 Qc8 14. Rad1 Rd8 15. h4 h6 16. Rxd8+ Nxd8 17. Rd1 {1-0 (59) Karjakin,S (2753)-Kramnik,V (2787) Wijk aan Zee 2018}) 5... d4 6. Bb2 c5 7. b4 O-O 8. O-O a5 9. bxc5 Nc6 {[%emt 0:01:15] LiveBook: 5 Games} 10. Na3 e5 11. d3 Nd7 12. Nb5 Nxc5 13. Nd2 f5 $146 ({Predecessor:} 13... Bg4 14. Ne4 Qd7 15. Nxc5 Bxc5 {1-0 (59) Varnam,L (2107)-Waters,C (2129) Torquay 2013}) 14. Nb3 Ne6 15. a4 Kh8 (15... f4 $1 $15) 16. Ba3 $17 (16. e3 $14 {keeps the upper hand.}) 16... Bxa3 17. Rxa3 Nb4 18. Qd2 f4 19. Raa1 Ng5 20. h4 Ne6 21. Rab1 Nc6 22. Be4 g5 23. Kg2 gxh4 24. Rh1 Rg8 25. Rxh4 Qxh4 26. Rh1 Rxg3+ 27. fxg3 Qxg3+ 28. Kf1 Ng5 29. Bg2 Bg4 30. Nd6 Rf8 31. Qe1 Bxe2+ 32. Qxe2 f3 33. Bxf3 Rxf3+ 34. Qxf3 Qxf3+ 35. Kg1 Qg3+ 36. Kf1 Qxd3+ 37. Kf2 Qf3+ 38. Kg1 Qxb3 39. c5 d3 40. Kh2 d2 41. Rf1 Qh3+ 42. Kg1 Qg3+ 43. Kh1 Nf3 44. Nf7+ Kg7 45. Rxf3 d1=R+ 0-1

[Event "ROU-ch Men 2018"]
[Site "Olanesti"]
[Date "2018.05.14"]
[Round "1"]
[White "Pislariu, Stefanel-Vasilica"]
[Black "Posedaru, Bogdan"]
[Result "0-1"]
[ECO "D31"]
[WhiteElo "1863"]
[BlackElo "2307"]
[Annotator "ChessBase"]
[PlyCount "66"]
[EventDate "2018.??.??"]
[EventType "swiss"]
[EventCountry "ROU"]
[SourceTitle "playchess.com"]
[Source "ChessBase"]
[SourceQuality "1"]
[TimeControl "40/5400+30:1800+30"]

1. d4 d5 2. c4 e6 3. Nc3 c6 4. Nf3 dxc4 5. a4 Bb4 6. g3 Nf6 7. Bg2 Nbd7 8. O-O a5 9. Bg5 h6 10. Bxf6 Qxf6 11. e4 e5 12. d5 O-O 13. Qc2 Nb6 14. dxc6 bxc6 15. Na2 Bc5 16. Nd2 Ba6 17. Nc3 Rfd8 18. Rad1 Rd3 19. Ne2 Rad8 20. Nc1 R3d6 21. Nf3 c3 22. Rxd6 Rxd6 23. Re1 Rd2 24. Qxc3 Bxf2+ 25. Kh1 Bxe1 26. Nxd2 Nc4 27. Ncb3 Qd8 28. Bf1 Bxd2 29. Nxd2 Qxd2 30. Qxd2 Nxd2 31. Bxa6 Nb3 32. Kg2 Nc5 33. Kf3 Nxa6 0-1

[Event "ROU-ch Men 2018"]
[Site "Olanesti"]
[Date "2018.05.14"]
[Round "1"]
[White "Cenusa, Mihai"]
[Black "Rusan, Paul-Cristian"]
[Result "0-1"]
[ECO "B23"]
[WhiteElo "1819"]
[BlackElo "2213"]
[Annotator "NA"]
[PlyCount "88"]
[EventDate "2018.??.??"]
[EventType "swiss"]
[EventCountry "ROU"]
[SourceTitle "playchess.com"]
[Source "ChessBase"]
[SourceQuality "1"]
[TimeControl "40/5400+30:1800+30"]

1. e4 c5 2. Nc3 e6 3. Nf3 a6 4. d3 Nc6 {[%emt 0:02:25] LiveBook: 4 Games} 5. Be2 {[%emt 0:03:23] B40: Sicilian: 2...e6, Unusual lines} (5. g3 d6 6. Bg2 Nf6 7. O-O Be7 8. a4 O-O 9. Re1 Qc7 10. Bf4 Nd7 11. Bg5 Nde5 12. Bxe7 Nxf3+ 13. Bxf3 Qxe7 14. Bg2 Bd7 15. f4 Rfc8 16. Qd2 Qd8 17. Kh1 h6 {0-1 (52) Kuzin,A (2385)-Savon,V (2461) Tula 2004}) 5... d5 6. exd5 exd5 7. O-O Nf6 8. b3 $146 ({White should try} 8. Bg5 $11) ({Predecessor:} 8. Re1 Be7 9. h3 O-O 10. Bf1 h6 11. Ne2 Bd6 12. d4 Qb6 13. dxc5 Bxc5 {0-1 (46) Barbosa,D (1818)-Herrera,M (2147) Quibdo 2015}) 8... h6 9. Bf4 ({White should try} 9. d4 $11) 9... Bd6 10. Bxd6 Qxd6 11. d4 O-O 12. dxc5 Qxc5 13. Na4 Qa7 14. h3 Bf5 15. Bd3 Ne4 16. Nh4 (16. Qc1 $15) 16... Bh7 17. Bxe4 (17. Nf3 $17 {was called for.}) 17... dxe4 ({But not} 17... Bxe4 18. Nc3 $15) 18. g3 (18. c4 {was called for.}) 18... Rad8 19. Qe1 Nd4 20. Rc1 Rfe8 21. Kh1 b5 22. Nb2 Qd7 23. g4 Qe7 24. f4 exf3 25. Qxe7 Rxe7 26. Rcd1 Bxc2 27. Rd2 Re2 28. Rf2 Rxf2 29. Rxf2 g5 30. Nf5 Bxf5 31. gxf5 Rd5 32. Nd1 Nxf5 33. Nc3 Ng3+ 34. Kh2 Rd3 35. Nb1 (35. Kxg3 $142 Rxc3 36. Kg4) 35... Ne4 $19 36. Rf1 b4 37. Re1 f5 38. Rc1 Kg7 39. h4 g4 40. a3 a5 41. axb4 axb4 42. h5 Kf6 43. Rc4 Rxb3 44. Rc8 Rb2+ 0-1

[Event "ROU-ch Men 2018"]
[Site "Olanesti"]
[Date "2018.05.15"]
[Round "2"]
[White "Chima, Radu-Niculin"]
[Black "Pislariu, Stefanel-Vasilica"]
[Result "1-0"]
[ECO "C06"]
[WhiteElo "2095"]
[BlackElo "1863"]
[Annotator "NA RC"]
[PlyCount "62"]
[EventDate "2018.??.??"]
[EventType "swiss"]
[EventCountry "ROU"]
[SourceTitle "playchess.com"]
[Source "ChessBase"]
[SourceQuality "1"]
[TimeControl "40/5400+30:1800+30"]

1. e4 e6 2. d4 d5 3. Nd2 Nf6 4. e5 Nfd7 5. Bd3 c5 6. c3 Nc6 7. Ne2 cxd4 {[%emt 0:00:22] LiveBook: 4915 Games} 8. cxd4 f6 9. f4 fxe5 10. dxe5 Bc5 {[%emt 0:06:10] C06: French Tarrasch: 3...Nf6 4 e5 Nfd7 5 Bd3 main lines} (10... Nc5 11. Bb1 Bd7 12. O-O Qb6 13. Kh1 Be7 14. Nc3 O-O-O 15. a3 a5 16. b4 axb4 17. axb4 Nxb4 18. Nf3 {1-0 (28) Khairullin,I (2451)-Iljushin,A (2526) Moscow 2004}) 11. Nf3 Qb6 12. Rf1 (12. a3 $14) 12... Bb4+ 13. Bd2 Nc5 14. Bb1 Ne4 $146 ({Predecessor:} 14... Bd7 15. Ng5 Ne7 16. Nc3 Na4 17. Qb3 h6 18. Nxe6 Bxc3 19. Nxg7+ {1-0 (33) Schockmel,J-Kirsch,G Luxembourg 1997}) 15. Bxe4 dxe4 16. Ng5 e3 17. Bc3 O-O (17... Be7 $11) 18. Qd3 g6 19. O-O-O Bxc3 20. Nxc3 Rd8 21. Qe4 Rd2 22. Rxd2 exd2+ 23. Kb1 $18 Bd7 24. Qd3 Rd8 25. Qxd2 Be8 26. Qf2 Nd4 27. Nce4 Bb5 28. Rd1 Ba4 29. Nf6+ Kg7 30. Rxd4 Rxd4 31. Qxd4 Qd8 1-0

[Event "ROU-ch Men 2018"]
[Site "Olanesti"]
[Date "2018.05.15"]
[Round "2"]
[White "Albu, George"]
[Black "Bobocea, Laurentiu-Vlad"]
[Result "1/2-1/2"]
[ECO "D15"]
[WhiteElo "2038"]
[BlackElo "1853"]
[Annotator "NA RC"]
[PlyCount "141"]
[EventDate "2018.??.??"]
[EventType "swiss"]
[EventCountry "ROU"]
[SourceTitle "playchess.com"]
[Source "ChessBase"]
[SourceQuality "1"]
[TimeControl "40/5400+30:1800+30"]

1. d4 d5 2. c4 c6 3. Nc3 Nf6 4. Nf3 a6 5. c5 Bf5 6. Bf4 Nbd7 7. e3 Nh5 {[%emt 0:01:20] D15: Slav Defence: 4 Nc3 a6 and gambit lines after 4 Nc3 dxc4} 8. Be5 f6 9. Bg3 e5 10. Nh4 Bg6 $1 {[%emt 0:00:06] LiveBook: 5 Games} 11. f4 Qc7 $146 (11... Bf7 $15) ({Predecessor:} 11... Nxg3 12. hxg3 Bf7 13. Qc2 e4 14. g4 g6 15. Be2 {1-0 (51) Halkias,S (2564)-Svetushkin,D (2607) Kallithea 2009}) 12. Nxg6 hxg6 13. Qg4 Rh6 14. fxe5 Nxg3 15. Qxg3 fxe5 16. Be2 Be7 17. O-O-O Bh4 18. Qg4 O-O-O 19. g3 Bf6 20. h4 Kb8 21. b4 exd4 22. exd4 Re8 23. Kc2 Rhh8 24. a4 Re3 25. Rhg1 a5 26. Rd3 Rxd3 27. Bxd3 axb4 28. Na2 Qa5 29. Kb3 Bxd4 30. Qxd4 Nxc5+ 31. Kb2 Nxa4+ 32. Kc2 {[%emt 0:01:09] [#]} Nc5 $2 (32... b3+ $1 $19 33. Kb1 (33. Kxb3 Nc5+) 33... bxa2+ 34. Ka1 Nc5) 33. Nxb4 Qa4+ 34. Kc3 Qa3+ 35. Kc2 Qa4+ 36. Kc3 Nxd3 37. Kxd3 Qb3+ 38. Kd2 Re8 39. Qf4+ Kc8 40. Rc1 Qb2+ 41. Rc2 Qf6 (41... Qa1 $11 {keeps the balance.}) 42. Qxf6 (42. Nxd5 $1 $16 Qe5 43. Qxe5 Rxe5 44. Ne3) 42... gxf6 43. Nxc6 bxc6 44. Rxc6+ Kd7 45. Rxf6 Re6 46. Rf4 Kd6 47. Kd3 Kc5 48. Rg4 Ra6 49. Rg5 Ra3+ 50. Kc2 Ra6 51. Kd3 Ra3+ 52. Ke2 Ra6 53. Ke3 Kc4 54. h5 gxh5 55. Rxh5 d4+ 56. Kf4 Kc3 57. g4 d3 58. Rh1 d2 59. Kf5 Ra5+ 60. Kf6 Ra6+ 61. Kf5 $11 Rd6 62. g5 d1=Q 63. Rxd1 Rxd1 64. g6 Kd4 65. g7 Rg1 66. Kf6 Kd5 67. Kf7 Rf1+ 68. Ke7 Re1+ 69. Kf7 Rg1 70. g8=Q Rxg8 71. Kxg8 1/2-1/2

[Event "ROU-ch Men 2018"]
[Site "Olanesti"]
[Date "2018.05.15"]
[Round "2"]
[White "Coca, Cristi-Iulian"]
[Black "Cenusa, Mihai"]
[Result "0-1"]
[ECO "C18"]
[WhiteElo "2003"]
[BlackElo "1819"]
[Annotator "NA RC"]
[PlyCount "93"]
[EventDate "2018.??.??"]
[EventType "swiss"]
[EventCountry "ROU"]
[SourceTitle "playchess.com"]
[Source "ChessBase"]
[SourceQuality "1"]
[TimeControl "40/5400+30:1800+30"]

1. e4 e6 2. d4 d5 3. Nc3 Bb4 4. e5 c5 5. a3 Bxc3+ 6. bxc3 Qa5 7. Bd2 c4 8. f4 {[%emt 0:00:19] C18: French: 3 Nc3 Bb4: Main line: 7 h4 and 7 Qg4} (8. Qg4 g6 9. Nf3 Bd7 10. Be2 Ba4 11. Ra2 Qc7 12. O-O Nd7 13. Bg5 Nb6 14. Rb1 h6 15. Qh4 Bc6 {1-0 (37) Zarate,J (2287)-Martins Barriga,F (2231) ICCF email 2016}) 8... g6 $146 ({Predecessor:} 8... Ne7 9. Nf3 Nd7 10. Be2 Nb6 11. O-O Bd7 12. Qb1 O-O 13. Qb4 Nc6 14. Qxa5 Nxa5 15. Nh4 Na4 {1-0 (40) Deniz Martin,J (1973)-Reyes Hidalgo,A (1654) Las Palmas 2012}) 9. Nf3 Ne7 10. Be2 h5 11. h3 Nf5 12. Kf2 h4 13. Ng5 Nc6 14. Bg4 Ng3 15. Re1 Ne7 16. Kg1 Bd7 17. Kh2 Rc8 18. Qf3 Rc6 19. Reb1 Rb6 20. Be1 Ngf5 21. Qd1 Ba4 22. Qc1 Nh6 23. Rb4 Nc6 24. Rxb6 Qxb6 25. Nf3 Qd8 26. Bf2 Kd7 27. Ra2 Kc7 28. Qe1 (28. Ng5 $1 $14) 28... f5 29. exf6 Qxf6 30. Qe3 Nxg4+ $11 31. hxg4 Kb6 32. Kh3 Rf8 33. Rb2+ Ka6 34. Bxh4 Qxf4 35. Qxe6 Qc1 36. Rb4 Bxc2 37. Qxd5 Rxf3+ 38. Qxf3 Nxb4 39. cxb4 Bd3 40. b5+ Ka5 41. Qxb7 Ka4 42. Qxa7+ Kb3 43. Bf2 Be4 44. Qc7 Qh6+ 45. Kg3 Qd2 46. Kh3 Qc1 47. Qa7 0-1

[Event "ROU-ch Men 2018"]
[Site "Olanesti"]
[Date "2018.05.15"]
[Round "2"]
[White "Berechet, Stefan-Mario"]
[Black "Sava, Bogdan"]
[Result "1-0"]
[ECO "A35"]
[WhiteElo "1879"]
[BlackElo "2099"]
[Annotator "NA"]
[PlyCount "101"]
[EventDate "2018.??.??"]
[EventType "swiss"]
[EventCountry "ROU"]
[SourceTitle "playchess.com"]
[Source "ChessBase"]
[SourceQuality "1"]
[TimeControl "40/5400+30:1800+30"]

1. c4 Nf6 2. Nf3 c5 3. Nc3 Nc6 4. a3 g6 5. Rb1 a5 6. g3 Bg7 7. Bg2 O-O 8. O-O d6 9. d3 Bd7 10. Bd2 {[%emt 0:02:46] LiveBook: 54 Games} Re8 {[%emt 0:05:14] A38: Symmetrical English vs ...g6: 4 Bg2 Bg7 5 Nf3 Nf6} (10... Qc8 11. Ne1 Bh3 12. Nc2 Bxg2 13. Kxg2 Qd7 14. b4 axb4 15. axb4 d5 16. cxd5 Nxb4 17. Nxb4 cxb4 18. Rxb4 Nxd5 19. Nxd5 Qxd5+ {0-1 (74) Duda,J (2724)-Bu,X (2725) Liaocheng 2018}) 11. h3 Qc8 12. Kh2 Ra6 $146 ({Predecessor:} 12... Nd4 13. Nxd4 cxd4 14. Ne4 Nxe4 15. dxe4 {0-1 (37) Marino,F-Dieli,R (1943) Arco 2008}) 13. e4 e5 14. Ne1 Nh5 15. Nd5 Ne7 16. Nxe7+ Rxe7 17. Qe2 Ra8 18. Nc2 Re8 19. Ne3 Be6 20. Rfc1 Qd7 21. b4 cxb4 22. axb4 a4 23. b5 Nf6 24. Ra1 Ra7 25. Ra3 Rea8 26. Rca1 Ne8 27. Nd1 f5 28. f3 h5 $2 (28... f4 $16) 29. Nc3 f4 30. g4 hxg4 31. fxg4 Nf6 32. Rxa4 (32. g5 $142) 32... Rxa4 33. Rxa4 Rf8 34. Bf3 (34. g5 $16) 34... Kf7 35. Nd5 Rh8 36. Nxf6 Bxf6 37. Kg2 Qc7 38. Bb4 g5 39. Ra1 Kg6 40. Qf2 Qh7 41. Rh1 Qc7 42. Qa7 Bd8 43. Qa3 $14 Be7 44. Qa5 Qxa5 45. Bxa5 Ra8 46. Ra1 Bd8 47. Bc3 Rxa1 48. Bxa1 Bb6 49. Kf1 Bd4 50. Bxd4 exd4 51. e5 1-0